 Dungeon Crawl Stone Soup version 0.23.2-1-ga50397a6bc (console) character file.

Game seed: 5094744537317783255

612 Dragon00 the Skirmisher (level 7, -3/64 HPs)
             Began as a Minotaur Berserker on May 13, 2019.
             Was an Elder of Trog.
             Slain by a gnoll
             ... wielding a +0 halberd
              (7 damage)
             ... on level 4 of the Dungeon on May 14, 2019.
             The game lasted 00:33:52 (3884 turns).

Dragon00 the Skirmisher (Minotaur Berserker)        Turns: 3884, Time: 00:33:58

Health: -3/64      AC: 12    Str: 21    XL:     7   Next: 20%
Magic:  6/6        EV:  9    Int:  4    God:    Trog [****..]
Gold:   104        SH:  0    Dex: 12    Spells: 6/6 levels left

rFire    + . .     SeeInvis .   a - +0 hand axe
rCold    . . .     Gourm    .   (no shield)
rNeg     . . .     Faith    .   i - +3 chain mail {rF+}
rPois    .         Spirit   .   (helmet restricted)
rElec    .         Reflect  .   (no cloak)
rCorr    +         Harm     .   (no gloves)
MR       ++...                  (no boots)
Stlth    ..........             (no amulet)
HPRegen  1.20/turn              j - ring of resist corrosion
MPRegen  0.10/turn              (no ring)

@: about to teleport, regenerating, glowing
A: retaliatory headbutt, horns 2
a: Berserk, Trog's Hand, Brothers in Arms, Renounce Religion


You were on level 4 of the Dungeon.
You worshipped Trog.
Trog was greatly pleased with you.
You were hungry.

You visited 1 branch of the dungeon, and saw 4 of its levels.

You collected 104 gold pieces.

Inventory:

Hand Weapons
 a - a +0 hand axe (weapon)
Missiles
 b - 8 sling bullets
 f - 76 stones
 h - 4 tomahawks (quivered)
Armour
 i - a +3 chain mail of fire resistance (worn)
Jewellery
 j - a ring of resist corrosion (left hand)
Wands
 d - a wand of acid (17)
Scrolls
 g - 2 scrolls of identify
 l - a scroll of remove curse
Comestibles
 c - 3 rations


   Skills:
 * Level 6.8 Fighting
 + Level 5.5 Axes
 + Level 4.8 Armour
 + Level 4.3 Dodging


You had 6 spell levels left.
You didn't know any spells.
Your spell library was empty.

Dungeon Overview and Level Annotations

Branches:
Dungeon (4/15)
 Temple: D:4-7

Altars:
Dithmenos
Nemelex Xobeh

Annotations:
D:4 Grinder


Innate Abilities, Weirdness & Mutations

You reflexively headbutt those who attack you in melee.
You have a pair of horns on your head.


Message History

The adder completely misses you. You furiously retaliate!
You headbutt the adder, but do no damage.
Press: ? - help, v - describe, . - travel, g - get item
Here: an ogre, wielding a +0 giant spiked club A tomahawk.
The floor.
Okay, then.
As you read the scroll labeled UHITAWEBIM, it crumbles to dust.
You feel strangely unstable.
It was a scroll of teleportation.
The adder bites you but does no damage.
The gnoll hits you but does no damage. x2
Grinder hits you.
* * * LOW HITPOINT WARNING * * *
As you read the scroll labeled UHANACZU BENUU, it crumbles to dust.
You hear a loud clanging noise!
It was a scroll of noise.
You hear a shout!
You hear an angry hiss. x2
The adder bites you but does no damage. The gnoll hits you but does no damage.
Grinder barely misses you.
The gnoll hits you from afar with a +0 halberd!
You die...

### #.### #...##
### . ##...## #.###
..# ###..## #...##
###(.(#
##..####...###gO..#
##...###...@Sg#
###..##..5####
##....### #..###
#<## #.# #..# #.##
#.


You could see Grinder, an ogre, 2 gnolls and an adder.

Vanquished Creatures
  3 orc priests
  A gnoll shaman (D:4)
  5 orc wizards (D:3)
  Ijyb (D:2)
  A worker ant (D:3)
  11 gnolls
  9 adders
  4 worms
  2 dart slugs
  2 leopard geckos (D:3)
  13 orcs
  A ball python (D:2)
  2 giant cockroaches
  12 goblins
  11 hobgoblins
  3 jackals (D:2)
  12 kobolds
  10 bats
  6 frilled lizards
  5 rats
114 creatures vanquished.

Notes
Turn   | Place    | Note
-------+----------+-------------------------------------------
     0 | D:1      | Dragon00 the Minotaur Berserker began the quest for the
                  | Orb.
     0 | D:1      | Reached XP level 1. HP: 19/19 MP: 0/0
   246 | D:1      | Reached XP level 2. HP: 27/27 MP: 1/1
   500 | D:1      | Reached skill level 4 in Fighting
   854 | D:2      | Reached XP level 3. HP: 12/33 MP: 2/2
  1419 | D:2      | Reached XP level 4. HP: 40/41 MP: 3/3
  1458 | D:2      | Reached ** piety under Trog
  1499 | D:2      | Reached skill level 5 in Fighting
  1508 | D:2      | Reached XP level 5. HP: 39/48 MP: 4/4
  1824 | D:2      | Found a shadowy altar of Dithmenos.
  1824 | D:2      | Found a sparkling altar of Nemelex Xobeh.
  2327 | D:3      | Noticed Ijyb
  2339 | D:2      | Killed Ijyb
  2740 | D:3      | Reached XP level 6. HP: 45/57 MP: 5/5
  2742 | D:3      | Reached *** piety under Trog
  2757 | D:3      | Reached skill level 6 in Fighting
  2757 | D:3      | Reached skill level 5 in Axes
  3378 | D:3      | Reached **** piety under Trog
  3444 | D:3      | Reached XP level 7. HP: 60/64 MP: 6/6
  3867 | D:4      | Noticed Grinder
  3883 | D:4      | HP: 3/64 [Grinder (4)]
  3884 | D:4      | Slain by a gnoll

Skill      XL: |  1  2  3  4  5  6 |
---------------+-------------------+-----
Fighting       | 4 5 6 |  6.8
Axes           | 4 5 |  5.5
Armour         | 3 4 |  4.8
Dodging        | 3 4 |  4.3

Action                   |  1- 3 |  4- 6 |  7- 9 || total
-------------------------+-------+-------+-------++-------
Melee: Hand axe          |    46 |   197 |    34 ||   277
       Headbutt          |     8 |    34 |     9 ||    51
Throw: Stone             |    26 |    36 |       ||    62
       Tomahawk          |       |    15 |     5 ||    20
Invok: Berserk           |     1 |     2 |       ||     3
       Trog's Hand       |       |       |     1 ||     1
  Use: Scroll            |     4 |     3 |     2 ||     9
       Potion            |     1 |     1 |     1 ||     3
  Eat: Ration            |     1 |       |       ||     1
       Chunk             |       |     8 |     1 ||     9
Armor: Ring mail         |    11 |    21 |       ||    32
       Chain mail        |       |    64 |    21 ||    85
Dodge: Dodged            |    21 |    93 |    16 ||   130
